 Dungeon Crawl Stone Soup version 0.31-a0-229-g1fc7ce93e2 (webtiles) character file.

Game seed: 14409565004087232111

30 qw the Shooter (level 3, 0/29 HPs)
             Began as a Minotaur Hexslinger on July 6, 2023.
             Slain by a gnoll
             ... wielding a +0 whip
              (3 damage)
             ... on level 2 of the Dungeon.
             The game lasted 00:00:28 (1190 turns).

qw the Shooter (Minotaur Hexslinger)                Turns: 1190, Time: 00:00:28

Health: 0/29       AC:  8    Str: 12    XL:     3   Next: 3%
Magic:  3/3        EV: 11    Int: 10    God:
Gold:   34         SH:  0    Dex: 14    Spells: 3/4 levels left

rFire   . . .        Y - +1 sling
rCold   . . .        (no shield)
rNeg    . . .        d - +0 ring mail
rPois   .            (helmet restricted)
rElec   .            (no cloak)
rCorr   .            (no gloves)
SInv    .            f - +2 pair of boots
Will    .....        (no amulet)
Stlth   +            (no ring)
HPRegen 0.24/turn    (no ring)
MPRegen 0.08/turn

%: no passive effects
@: no status effects
A: horns 2, retaliatory headbutt
a: no special abilities


You were on level 2 of the Dungeon.
You visited 1 branch of the dungeon, and saw 2 of its levels.

You collected 34 gold pieces.


Innate Abilities, Weirdness & Mutations

You have a pair of horns on your head.
You reflexively headbutt those who attack you in melee.


   Skills:
 - Level 2.0 Fighting
 + Level 3.5 Ranged Weapons
 - Level 2.1 Dodging
 - Level 1.0 Spellcasting
 - Level 2.0 Hexes


You had 3 spell levels left.
You knew the following spells:

 Your Spells              Type           Power      Damage    Failure   Level
a - Slow                  Hex            16%        N/A       34%         1

Your spell library contained the following spells:

 Spells                   Type           Power      Damage    Failure   Level
 Inner Flame              Hex/Fire       2%         N/A       83%         3
 Portal Projectile        Hex/Tloc       4%         N/A       83%         3
 Cause Fear               Hex            2%         N/A       98%         4

Inventory:

Hand Weapons
 Y - a +1 sling (weapon)
Armour
 d - a +0 ring mail (worn)
 f - a +2 pair of boots (worn)
Scrolls
 a - a scroll of identify {unknown}

Dungeon Overview and Level Annotations

Branches:
Dungeon (2/15)

Altars:

Shops:
D:1 (   D:2 *


Message History

The sling bullet barely misses the gnoll.
You shoot a sling bullet.
The sling bullet barely misses the gnoll.
The gnoll closely misses you. The gnoll barely misses you.
You furiously retaliate!
You headbutt the gnoll. You shoot a sling bullet.
The sling bullet hits the gnoll.
The gnoll is severely wounded.
The gnoll hits you with a +0 flail! The gnoll hits you with a +0 whip.
The gnoll hits you but does no damage. The gnoll hits you with a +0 whip.
You shoot a sling bullet. The sling bullet hits the gnoll.
You kill the gnoll!
The gnoll hits you but does no damage.
You have reached level 3!
Your experience leads to an increase in your attributes!
Increase (S)trength, (I)ntelligence, or (D)exterity?
You feel agile. x2
You shoot a sling bullet.
The sling bullet hits the gnoll but does no damage.
The gnoll is lightly wounded.
The gnoll hits you but does no damage. x2
You shoot a sling bullet.
The sling bullet barely misses the gnoll.
The gnoll hits you with a +0 whip. x2; The gnoll barely misses you.
The gnoll completely misses you.
You shoot a sling bullet.
The sling bullet hits the gnoll but does no damage.
The gnoll is lightly wounded.
The gnoll misses you. The gnoll hits you but does no damage.
You shoot a sling bullet. The sling bullet hits the gnoll.
The gnoll is heavily wounded.
The gnoll hits you with a +0 whip. The gnoll hits you but does no damage.
You shoot a sling bullet.
The sling bullet barely misses the gnoll.
The gnoll closely misses you. The gnoll hits you but does no damage.
The gnoll hits you with a +0 whip. The gnoll barely misses you.
You shoot a sling bullet.
The sling bullet hits the gnoll but does no damage.
The gnoll is heavily wounded.
The gnoll barely misses you. The gnoll hits you with a +0 whip.
You die...

.....%###.#
#.#........###.#
#####.# .#
#.#.#..........#
#.#
#.#.#.....##.###
#.# #.#).......#
##.### #
#.....#.####
####....#
#.#<..#...#
......#.#
#.##.#######
#...#...#
#..........#
.#.#..###
###@######.#
..\...# #gg#
.#.#.....# #.##
#...#.##.# ..
......# # .##
.###..# .. ##
#..# #. # #..#
.. # #.#


You could see 2 gnolls.

Vanquished Creatures
  A gnoll (D:2)
  A dart slug (D:1)
  3 ball pythons
  A giant cockroach (D:2)
  3 goblins
  2 hobgoblins (D:1)
  A bat (D:2)
  A frilled lizard (D:1)
  4 kobolds
  2 rats
19 creatures vanquished.

Notes
Turn   | Place    | Note
-------+----------+-------------------------------------------
     0 | D:1      | qw the Minotaur Hexslinger began the quest for the Orb.
     0 | D:1      | Reached XP level 1. HP: 16/16 MP: 1/1
     0 | D:1      | 0 ||| qw: Version: 0.3-a-46-gb1f654a
     0 | D:1      | 0 ||| qw: Game counter: 1249
     0 | D:1      | 0 ||| qw: Melee chars always use a shield: true
     0 | D:1      | 0 ||| qw: God list: Okawaru
     0 | D:1      | 0 ||| qw: Allow faded altars: false
     0 | D:1      | 0 ||| qw: Do Orc after clearing Dungeon:15 true
     0 | D:1      | 0 ||| qw: Do second Lair branch before Depths: true
     0 | D:1      | 0 ||| qw: Lair rune preference: random
     0 | D:1      | 0 ||| qw: Goals: Normal
     0 | D:1      | 0 ||| PLANNING D:1-11
   195 | D:1      | Found Hunecwyi's Antique Weapon Shop.
   204 | D:1      | 204 ||| SHOPLISTING runed orcbow (136 gold, have 0).
   464 | D:1      | Reached skill level 3 in Ranged Weapons
   535 | D:1      | Reached XP level 2. HP: 22/23 MP: 2/2
   729 | D:1      | 729 ||| UPGRADING to +0 ring mail.
   739 | D:1      | 739 ||| DROPPING +0 robe.
   740 | D:1      | 740 ||| UPGRADING to +0 pair of boots.
   745 | D:1      | 745 ||| READING scroll labelled TUYNIM XOSICKALAL.
   746 | D:1      | 746 ||| READING scroll labelled NAGGOCHAISH.
   747 | D:1      | 747 ||| READING scroll labelled HAURAP RIBBIUH.
   748 | D:1      | 748 ||| DROPPING scroll of poison.
   887 | D:2      | 887 ||| DRINKING 2 green potions.
   888 | D:2      | 888 ||| DROPPING potion of invisibility.
   891 | D:2      | 891 ||| STAIRDANCE
   895 | D:2      | 895 ||| STAIRDANCE
   899 | D:2      | 899 ||| STAIRDANCE
   903 | D:2      | 903 ||| STAIRDANCE
   907 | D:2      | 907 ||| STAIRDANCE
   911 | D:2      | 911 ||| STAIRDANCE
   915 | D:2      | 915 ||| STAIRDANCE
   919 | D:2      | 919 ||| STAIRDANCE
   923 | D:2      | 923 ||| STAIRDANCE
   927 | D:2      | 927 ||| STAIRDANCE
   931 | D:2      | 931 ||| STAIRDANCE
   935 | D:2      | 935 ||| STAIRDANCE
   939 | D:2      | 939 ||| STAIRDANCE
   943 | D:2      | 943 ||| STAIRDANCE
   947 | D:2      | 947 ||| STAIRDANCE
   951 | D:2      | 951 ||| STAIRDANCE
   955 | D:2      | 955 ||| STAIRDANCE
   959 | D:2      | 959 ||| STAIRDANCE
   963 | D:2      | 963 ||| STAIRDANCE
   967 | D:2      | 967 ||| STAIRDANCE
  1082 | D:2      | 1082 ||| READING 2 scrolls of enchant armour.
  1082 | D:2      | 1082 ||| ENCHANTING +0 pair of boots.
  1083 | D:2      | 1083 ||| READING scroll of enchant armour.
  1083 | D:2      | 1083 ||| ENCHANTING +1 pair of boots.
  1084 | D:2      | Found Ynitt's General Store.
  1094 | D:2      | 1094 ||| SHOPLISTING potion of curing (36 gold, have 34).
  1094 | D:2      | 1094 ||| SHOPLISTING potion of haste (120 gold, have 34).
  1185 | D:2      | Reached XP level 3. HP: 12/29 MP: 3/3
  1186 | D:2      | HP: 4/29 [gnoll/+0 whip (5)]
  1190 | D:2      | Slain by a gnoll

Levels and vault maps discovered:
D:1:      spicycebolla_arrival_ecumenical, layout_loops_corners, serial_shops,
          shop
D:2:      layout_basic, serial_shops, nicolae_shop_advertising_works
          [nicolae_subvault_shop_adworks]

Skill      XL: |  1  2 |
---------------+-------+-----
Ranged Weapons | 3 |  3.5
Fighting       | 2 |  2.0
Dodging        | |  2.1
Spellcasting   | |  1.0
Hexes          | |  2.0

Action                     || total
---------------------------++-------
   Fire: Sling             ||    70
    Use: Scroll            ||     5
         Potion            ||     1
 Armour: Robe              ||     1
         Ring mail         ||    20
  Dodge: Dodged            ||    24

Table legend:
 A = Non-vault XP
 B = Vault XP
 C = Vault XP percentage of total XP
 D = Non-vault monster count
 E = Vault monster count
 F = Vault count percentage of total count
                 A         B        C        D         E       F
            +---------+---------+-------+---------+---------+-------
      Total |      43 |       0 |   0.0 |      19 |       0 |   0.0
            +---------+---------+-------+---------+---------+-------
        D:1 |      15 |       0 |   0.0 |       8 |       0 |   0.0
        D:2 |      28 |       0 |   0.0 |      11 |       0 |   0.0
            +---------+---------+-------+---------+---------+-------
